[Event "Early-Titled-Tuesday-Blitz-October-03-2023"]
[Site "Chess.com"]
[Date "2023.10.03"]
[Round "4"]
[White "EvgenyBurmakin"]
[Black "ExchangeAB"]
[Result "1-0"]
[WhiteElo "2347"]
[BlackElo "2491"]
[TimeControl "180+1"]
[EndTime "8:40:42 PDT"]
[Termination "EvgenyBurmakin won by resignation"]

1. e4 c6 2. Nc3 d5 3. Nf3 Bg4 4. d4 dxe4 5. Nxe4 e6 6. Bd3 Nd7 7. Ng3 Ngf6 8. h3 Bxf3 9. Qxf3 Bd6 10. O-O Qc7 11. Nh5 Nxh5 12. Qxh5 Nf6 13. Qg5 Rg8 14.
Bd2 O-O-O 15. Ba5 b6 16. Ba6+ Kb8 17. Bd2 h6 18. Qe3 Nd5 19. Qf3 g5 20. Rfe1 Bf4 21.
Bxf4 Qxf4 22. Qxf4+ Nxf4 23. Bf1 Rxd4 24. Rad1 Rgd8 25.
Rxd4 Rxd4 26. g3 Ng6 27. Bg2 Kc7 28. Re2 a5 29. Kh2 a4 30. a3 b5 31. c3 Rd6 32.
Bf3 Ne7 33. Kg2 Nd5 34. Bh5 f6 35. Bf7 e5 36. Bg6 Nb6 37. Kf3 Nc4 38. Kg4 Kd8 39. Kh5 Ke7 40. Kxh6 Rd1 41. h4 gxh4 42. gxh4 f5 43. Bxf5 Kf6 44. Be4 Rg1 45. Bxc6 Nd6 46. Bd7 Nf7+ 47. Kh5 Ke7 48. Bg4 Kf6 49. Re4 Rb1 50.
f3 Rxb2 51. Rb4 Rxb4 52. cxb4 Kg7 53. Bd7 Nd6 54. Bc6 Nc4 55. Bxb5 Nxa3 56. Bxa4 Nc2 57. b5 Nd4 58. b6 1-0

[Event "Early-Titled-Tuesday-Blitz-October-03-2023"]
[Site "Chess.com"]
[Date "2023.10.03"]
[Round "4"]
[White "sokidze"]
[Black "SharapovEvgeny"]
[Result "1-0"]
[WhiteElo "2793"]
[BlackElo "2579"]
[TimeControl "180+1"]
[EndTime "8:40:43 PDT"]
[Termination "sokidze won by resignation"]

1. d4 Nf6 2. c4 e6 3. Nc3 Bb4 4. e3 c5 5. Ne2 d6 6. a3 Bxc3+ 7. Nxc3 Nc6 8. Be2 e5 9. dxc5 dxc5 10. Qc2 O-O 11. O-O Bg4 12. Rd1 Qc8 13. Nd5 Nxd5 14. cxd5 Bxe2 15. Qxe2 Na5 16. Qb5 b6 17. Bd2 Nb7 18.
Bc3 f6 19. e4 Nd6 20. Qe2 b5 21. Rac1 Qd7 22. f3 a5 23. Be1 c4 24. Bc3 Rfb8 25. Kh1 b4 26. axb4 axb4 27. Be1 Qb5 28. Bg3 g5 29. h4 h6 30. Qe3 Qb6 31. Qd2 Kf7 32. Ra1 Qc5 33. Bf2 Qb5 34. Qe3 Kg6 35. Qc5 Qxc5 36.
Bxc5 Nb5 37. Rxa8 Rxa8 38. Bxb4 gxh4 39. d6 Kf7 40. d7 Nd4 41. Ba5 Ke7 42. d8=Q+ Rxd8 43. Bxd8+ Kxd8 44. Rc1 h3 45. Rxc4 hxg2+ 46. Kxg2 Kd7 47.
b4 Kd6 48. Rc5 Nc6 49. Rd5+ Kc7 50. b5 Nd4 51. Kf2 Kb6 52. f4 Nxb5 53. fxe5 fxe5 54. Rxe5 Kc6 55. Ke3 Nd6 56. Re6 Kd7 57. Rxh6 Ke7 58. Kd4 Kd7 59. Kd5 Ne8 60. e5 Nc7+ 61. Ke4 Ne6 62. Rh7+ Ke8 63. Kf5 Nf8 64. Ra7 Nd7 65.
Rxd7 Kxd7 66. Kf6 Ke8 67. Ke6 Kf8 68. Kd7 Kf7 69. e6+ Kf6 70. e7 1-0

[Event "Early-Titled-Tuesday-Blitz-October-03-2023"]
[Site "Chess.com"]
[Date "2023.10.03"]
[Round "4"]
[White "grzechu96"]
[Black "Marcin"]
[Result "1-0"]
[WhiteElo "2662"]
[BlackElo "2503"]
[TimeControl "180+1"]
[EndTime "8:40:43 PDT"]
[Termination "grzechu96 won by resignation"]

1. e4 c5 2. Nf3 e6 3. d4 cxd4 4.
Nxd4 a6 5. c4 Qc7 6. Nc3 Nf6 7.
a3 d6 8. Be3 Nbd7 9. f3 g6 10.
Rc1 Bg7 11. Be2 O-O 12. O-O b6 13. b4 Bb7 14. Qd2 Rac8 15. Rfd1 Qb8 16. Nb3 Ne8 17. Bf1 Be5 18. Qf2 Nef6 19. Bd4 d5 20. Bxe5 Qxe5 21. exd5 exd5 22. c5 bxc5 23. bxc5 Rc7 24. Na4 Rfc8 25. Na5 Bc6 26. Nb6 Rb8 27. Bxa6 h5 28. Nxc6 Rxc6 29. Bb5 Rc7 30. Bxd7 Nxd7 31. a4 d4 32. Qxd4 Qxd4+ 33. Rxd4 Nxb6 34. Rb4 Nd7 35. Rxb8+ Nxb8 36. Kf2 Nc6 37. Ke3 Rd7 38. Rb1 Ne5 39. Ke4 Nc4 40.
c6 Rd6 41. Rc1 Rxc6 42. Kd5 Rd6+ 43. Kc5 Rd2 44. Rxc4 Rxg2 45. a5 Ra2 46. Kb5 g5 47. Ra4 Rb2+ 48. Kc6 f5 49. a6 Rb8 50. a7 Ra8 51.
Kb7 Rxa7+ 52. Kxa7 Kf7 53. Kb6 Ke6 54. Kc5 Ke5 55. Ra8 Kf4 56. Rf8 Kxf3 57. Rxf5+ Kg4 58. Re5 Kh4 59. Kd4 g4 60. Ke3 Kh3 61. Rxh5+ Kg2 62. Kf4 Kh1 63. Kxg4 1-0

[Event "Early-Titled-Tuesday-Blitz-October-03-2023"]
[Site "Chess.com"]
[Date "2023.10.03"]
[Round "4"]
[White "ChessQueen"]
[Black "koncheto"]
[Result "0-1"]
[WhiteElo "2724"]
[BlackElo "2543"]
[TimeControl "180+1"]
[EndTime "8:40:44 PDT"]
[Termination "koncheto won by resignation"]

1. e4 c5 2. c3 Nf6 3. e5 Nd5 4.
Nf3 e6 5. d4 cxd4 6. cxd4 d6 7.
Bc4 Nb6 8. Bd3 Bd7 9. O-O Bc6 10. Nc3 Be7 11. Ne4 dxe5 12. Nxe5 Qxd4 13. Nxf7 Kxf7 14. Ng5+ Bxg5 15. Bg6+ hxg6 16. Qxd4 Bf6 17. Qe3 N8d7 18. Re1 Rae8 19. h3 g5 20. Qg3 Rh5 21. a4 Nd5 22. Ra3 Nf4 23. Bxf4 gxf4 24. Qxf4 Rf5 25. Qd2 Nb6 26.
Qc2 Nd5 27. Rg3 Be5 28. Rxe5 Rxe5 29. Qg6+ Ke7 30. Qxg7+ Kd6 31. h4 Nf4 32. Rg5 Re1+ 33. Kh2 Nxg2 34. Qd4+ Kc7 35. Qxa7 Nxh4 36. Rg7+ Kd6 37.
Qd4+ Bd5 38. Qxh4 Rh1+ 39. Kg3 Rxh4 40. Kxh4 Rh8+ 41. Kg3 Rf8 42. f4 Rf5 43. Rg8 Bc6 44.
Rd8+ Kc7 45. Rh8 Bxa4 46. Rh6 Kd6 47. Rh7 Bd7 48. Rh2 Rb5 49. Rd2+ Ke7 50. Rc2 Bc6 51. Kg4 Kf6 52. Rh2 Rb3 53. Rh6+ Ke7 54. Rh7+ Kd6 55. Rh2 Be4 56. Rd2+ Rd3 57. Rh2 Bf5+ 58. Kg5 Kc5 59. Kf6 b5 60. Ke5 Kb4 61. Rh8 Kb3 62. Rb8 Rd5+ 63.
Kf6 Kxb2 0-1

[Event "Early-Titled-Tuesday-Blitz-October-03-2023"]
[Site "Chess.com"]
[Date "2023.10.03"]
[Round "4"]
[White "Wizard_97"]
[Black "Gurvich_Vitaly"]
[Result "1-0"]
[WhiteElo "2539"]
[BlackElo "2700"]
[TimeControl "180+1"]
[EndTime "8:40:45 PDT"]
[Termination "Wizard_97 won on time"]

1. e4 c6 2. d4 d5 3. Nd2 dxe4 4.
Nxe4 Nf6 5. Nxf6+ exf6 6. c3 Bd6 7. Bd3 O-O 8. Ne2 Re8 9. O-O Nd7 10. Ng3 Nf8 11. f4 c5 12. d5 Ng6 13. c4 Qc7 14.
Qh5 Bd7 15. Ne4 b5 16. b3 bxc4 17. bxc4 Rab8 18. Bd2 Bf8 19. Bc3 a5 20. Rae1 a4 21.
Bc2 a3 22. g3 Qa7 23. Rb1 Rxb1 24. Rxb1 Rb8 25. Rxb8 Qxb8 26. Bxf6 Ba4 27. Be5 Qb4 28. Bxa4 Qe1+ 29. Kg2 Qxe4+ 30. Qf3 Qxc4 31. Bb3 Qb4 32. Bc3 Qb6 33. h4 Ne7 34. Qe4 Nc8 35. Qa4 Nd6 36.
Qc6 Qd8 37. Be5 h6 38. h5 Nf5 39. Qb7 Nd6 40. Qa7 c4 41. Bc2 Nb5 42. Qb7 Nd6 43.
Qc6 Qb8 44. Bxd6 Qxd6 45. Qxc4 Qb6 46. Qe4 f5 47. Qxf5 Qb2 48. Qh7+ Kf7 49. Qg6+ Kg8 50. Kh3 Qc1 51. Qe6+ Kh8 52. Be4 Qf1+ 53. Bg2 Qd3 54. Qf7 Bb4 55. Qe8+ Kh7 56. Be4+ 1-0

[Event "Early-Titled-Tuesday-Blitz-October-03-2023"]
[Site "Chess.com"]
[Date "2023.10.03"]
[Round "4"]
[White "vasblesk"]
[Black "DefiantChair"]
[Result "0-1"]
[WhiteElo "2668"]
[BlackElo "2535"]
[TimeControl "180+1"]
[EndTime "8:40:45 PDT"]
[Termination "DefiantChair won by resignation"]

1. Nf3 d5 2. g3 Nf6 3. Bg2 e6 4. O-O c5 5. d3 Nc6 6. Nbd2 Be7 7. e4 O-O 8. Re1 b5 9. e5 Nd7 10. Nf1 Qc7 11. Bf4 Bb7 12. h4 Rfc8 13. h5 h6 14. Qd2 Qd8 15. g4 Nd4 16. Nxd4 cxd4 17. Nh2 a5 18. a3 b4 19. Nf3 bxa3 20. bxa3 Rc3 21. Reb1 Qc8 22. Nxd4 Rxa3 23. Rxa3 Bxa3 24. c4 Bb4 25. Rxb4 axb4 26. Qxb4 Nc5 27. cxd5 Nxd3 28.
Qd2 Nxf4 29. Qxf4 Ra1+ 30. Kh2 Bxd5 31. Bxd5 exd5 32. Nf5 Qc1 33. Qxc1 Rxc1 34. Ne7+ Kf8 35. Nxd5 Rc5 36. Ne3 Rxe5 37. Kg3 Ke7 38. Kf4 Ra5 39.
Ke4 Ke6 40. f4 Ra4+ 41. Kf3 Rb4 42. Nf5 Kf6 43. Ne3 Rb3 44. Ke4 g6 45. Nd5+ Kg7 46. f5 gxh5 47. gxh5 Rh3 48. Nf4 Rh4 49. Ke5 Rxf4 50.
Kxf4 Kf6 51. Ke4 Kg5 52. Ke5 Kxh5 53. Kf4 Kh4 54. f6 h5 55. Kf5 Kg3 56. Kg5 h4 57.
Kh6 h3 58. Kg7 h2 59. Kxf7 h1=Q 60. Kg7 Qa1 61. Kg6 Qb1+ 62. Kg7 Qb2 63. Kg6 Qc2+ 64.
Kh6 Qf5 65. Kg7 Qg5+ 66. Kf7 Kf4 0-1

[Event "Early-Titled-Tuesday-Blitz-October-03-2023"]
[Site "Chess.com"]
[Date "2023.10.03"]
[Round "4"]
[White "RichardLeyvaP"]
[Black "Vladimir_Zakhartsov"]
[Result "0-1"]
[WhiteElo "2591"]
[BlackElo "2828"]
[TimeControl "180+1"]
[EndTime "8:40:48 PDT"]
[Termination "Vladimir_Zakhartsov won on time"]

1. e4 c6 2. d4 d5 3. e5 Bf5 4. Nc3 e6 5. g4 Bg6 6. Nge2 c5 7.
h4 cxd4 8. Nxd4 h5 9. f4 hxg4 10. f5 Rxh4 11. Bb5+ Nd7 12. O-O exf5 13. e6 fxe6 14. Nxe6 Qb6+ 15. Kg2 Nf6 16. Nxd5 Nxd5 17. Qxd5 Qd6 18. Qxd6 Bxd6 19. Bf4 Bxf4 20. Nxf4 Bf7 21.
Rfe1+ Kf8 22. Bxd7 Rd8 23. Bxf5 Rd2+ 24. Kg3 g5 25. Bxg4 Rxg4+ 26. Kxg4 gxf4 27. Rf1 Rxc2 28. Rxf4 Ke7 29. Re1+ Be6+ 30. Kh4 Rxb2 31. Rfe4 Rb6 32. Kg5 Ra6 33. a4 Ra5+ 34. Kg6 Ra6 35. Kg7 Rd6 36. Re5 Kd7 37. Rb1 b6 38. Kf8 Bc4 39. Rc1 Be6 40.
Rh5 Rd4 41. Rh7+ Kd6 42. Rh6 Rf4+ 43. Ke8 Re4 44. Rd1+ Kc5 45. Kd8 Bc4 46. Rc1 Kb4 47. Rh7 a5 48. Rh6 Be6 49. Rb1+ Kxa4 50. Rxb6 Bb3 51. Rhd6 Rh4 52. Kc7 Ka3 53. Rbc6 a4 54. Rd3 Rh7+ 55. Kb6 Kb2 56. Rd2+ Ka3 57. Rd3 Rh2 58.
Re3 Kb2 59. Ka5 a3 60. Rb6 Rh5+ 61. Ka6 a2 62. Rexb3+ Ka1 0-1

[Event "Early-Titled-Tuesday-Blitz-October-03-2023"]
[Site "Chess.com"]
[Date "2023.10.03"]
[Round "4"]
[White "themind1hunter"]
[Black "javierfreilemartin"]
[Result "1-0"]
[WhiteElo "2548"]
[BlackElo "2321"]
[TimeControl "180+1"]
[EndTime "8:40:48 PDT"]
[Termination "themind1hunter won by checkmate"]

1. e4 c5 2. Nf3 d6 3. d4 cxd4 4.
Nxd4 Nf6 5. Nc3 a6 6. Be3 e5 7.
Nb3 Be6 8. Qd2 Nbd7 9. O-O-O Rc8 10. Kb1 Be7 11. h3 O-O 12. g4 Rxc3 13. Qxc3 Nxe4 14. Qb4 d5 15. Qxb7 a5 16. Rxd5 Bxd5 17. Qxd5 Ndf6 18.
Qxd8 Rxd8 19. Bd3 a4 20. Na5 Bc5 21. Nb7 Rc8 22. Nxc5 Nxc5 23. Bxc5 Rxc5 24. Re1 h6 25. b4 Rd5 26. a3 Kf8 27. Kb2 Nd7 28. Re3 Rd4 29. c4 f6 30. Kc3 Ke7 31. Bc2 Nb6 32.
Bd3 Rf4 33. f3 Ke6 34. Be2 Rd4 35. Re4 Rd8 36. f4 g5 37. f5+ Ke7 38. Bd3 Rc8 39.
Kd2 Rd8 40. Ke2 Rd7 41. Ke3 Rd8 42. Kd2 Ra8 43. c5 Nd5 44. Bc4 Nf4 45. Re3 Rd8+ 46. Kc2 Ng2 47. Re2 Nf4 48. Rd2 Rxd2+ 49. Kxd2 Nxh3 50.
Ke3 Nf4 51. b5 h5 52. gxh5 Nxh5 53. b6 Kd7 54. Bb5+ Kc8 55. c6 Nf4 56. Ba6+ Kb8 57. c7+ Ka8 58. c8=Q# 1-0

[Event "Early-Titled-Tuesday-Blitz-October-03-2023"]
[Site "Chess.com"]
[Date "2023.10.03"]
[Round "4"]
[White "Fandorine"]
[Black "carokannlover213"]
[Result "1-0"]
[WhiteElo "2933"]
[BlackElo "2750"]
[TimeControl "180+1"]
[EndTime "8:40:51 PDT"]
[Termination "Fandorine won on time"]

1. Nc3 Nf6 2. d4 d5 3. Bf4 e6 4.
Nb5 Bb4+ 5. c3 Ba5 6. Nf3 a6 7.
Na3 O-O 8. h3 c6 9. e3 Bc7 10.
Bd3 Nbd7 11. O-O Re8 12. Ne5 c5 13. Nc2 Nxe5 14. Bxe5 cxd4 15. Bxc7 Qxc7 16. exd4 Bd7 17. a4 e5 18. dxe5 Rxe5 19. Nd4 Rae8 20. Qd2 h6 21. a5 Rg5 22. f4 Rg3 23. Kh2 Ree3 24. Bf5 Ne4 25. Bxe4 dxe4 26. Rae1 Rd3 27. Qf2 Bxh3 28.
Qxg3 Rxg3 29. Kxg3 Bd7 30. Rxe4 Qxa5 31. Re7 Qd5 32.
Rfe1 Bc6 33. R1e2 g5 34. R7e5 Qd8 35. Nxc6 Qd3+ 36. R2e3 gxf4+ 37. Kxf4 Qd2 38. Nd4 Qxb2 39. Re8+ Kh7 40. R8e7 Kg8 41. g4 Qd2 42. Nf3 Qc1 43.
Re8+ Kg7 44. Re7 a5 45. Ne5 a4 46. Rxf7+ Kg8 47. Rxb7 a3 48. Ra7 h5 49. g5 Qf1+ 50.
Ke4 Qb1+ 51. Kd4 a2 52. Ra8+ Kg7 53. Ra7+ Kg8 54. Rxa2 Qxa2 55. c4 Qa7+ 56. c5 Qa4+ 57. Kd5 Qa2+ 58. Nc4 Qa8+ 59. c6 Qd8+ 60. Nd6 Qxg5+ 61.
Re5 Qd2+ 62. Ke6 Qa2+ 63. Kd7 Qa4 64. Rb5 1-0

[Event "Early-Titled-Tuesday-Blitz-October-03-2023"]
[Site "Chess.com"]
[Date "2023.10.03"]
[Round "4"]
[White "curradogianfigliazzi"]
[Black "Juicy_Fork"]
[Result "1/2-1/2"]
[WhiteElo "2264"]
[BlackElo "2462"]
[TimeControl "180+1"]
[EndTime "8:40:51 PDT"]
[Termination "Game drawn by repetition"]

1. e4 e5 2. Nf3 Nc6 3. Bb5 a6 4. Ba4 d6 5. d3 Bd7 6. O-O g6 7. c4 Bg7 8. Nc3 Nge7 9. Be3 Nd4 10. Bxd7+ Qxd7 11. Bxd4 exd4 12. Nd5 O-O 13. Nxe7+ Qxe7 14. Re1 b5 15. cxb5 axb5 16. a4 bxa4 17. Rxa4 Rab8 18.
b4 c5 19. bxc5 dxc5 20. Nd2 Rb4 21. Rxb4 cxb4 22. Nc4 Ra8 23. Qb3 Bf8 24. Qb2 Qc5 25. Rc1 Bg7 26. Ra1 Rxa1+ 27. Qxa1 h5 28. Qa4 Bf8 29. h4 Qe7 30. g3 Qb7 31. Qb3 Qa6 32. Kg2 Kg7 33. Ne5 Qe6 34. Nc4 Be7 35. Qb2 Bc5 36.
Qb3 f6 37. Qa4 f5 38. Qb5 Be7 39. exf5 gxf5 40. Qb8 Qd5+ 41. f3 Qe6 42. Kf2 Qf6 43. Qb7 Qe6 44. Qb8 Qa6 45. Qe5+ Bf6 46. Qc7+ Kg6 47.
Qf4 b3 48. Ne5+ Bxe5 49. Qxe5 Qa2+ 50. Kg1 Qb1+ 51. Kh2 Qc2+ 52. Kh3 Qc8 53. Qxd4 f4+ 54. Kg2 Qc2+ 55. Kh3 b2 56. Qd6+ Kf7 57. Qd7+ Kf6 58. Qd6+ Kf5 59. Qd5+ Kf6 60. Qd6+ Kg7 61. Qe7+ Kg6 62.
Qe6+ Kh7 63. Qf7+ Kh6 64. Qf6+ Kh7 65. Qf7+ Kh8 66. Qf8+ Kh7 67. Qf7+ 1/2-1/2

[Event "Early-Titled-Tuesday-Blitz-October-03-2023"]
[Site "Chess.com"]
[Date "2023.10.03"]
[Round "4"]
[White "inegrepus"]
[Black "Balla_Tamas"]
[Result "0-1"]
[WhiteElo "2181"]
[BlackElo "2445"]
[TimeControl "180+1"]
[EndTime "8:40:53 PDT"]
[Termination "Balla_Tamas won on time"]

1. d4 d5 2. c4 e6 3. Nf3 c5 4. cxd5 exd5 5. g3 Nc6 6. Bg2 Nf6 7. O-O Be6 8. a3 cxd4 9. Nxd4 Be7 10. b4 O-O 11. Bb2 a6 12. Nd2 Rc8 13. N2b3 Qd7 14. Rc1 Bh3 15. Qd3 Bxg2 16. Kxg2 Ne5 17. Qf5 Nc4 18.
Qxd7 Nxd7 19. Nf5 Bg5 20. f4 Nxb2 21. Rxc8 Rxc8 22. fxg5 Re8 23. Nbd4 Nc4 24. Rf3 g6 25. Nh4 Re4 26. Rd3 Nde5 27. Nhf3 Nxd3 28. exd3 Rxd4 29. Nxd4 Ne5 30. Nb3 Nxd3 31. Kf3 Ne5+ 32. Kf4 Nc4 33. a4 Kf8 34. Nc5 b5 35. axb5 axb5 36. Nd7+ Ke7 37. Nf6 d4 38. Ke4 Nd2+ 39. Kxd4 Nf3+ 40. Kd5 Nxg5 41. h4 Kxf6 42. hxg5+ Kxg5 43. Kc5 h5 44. Kxb5 h4 45. gxh4+ Kxh4 46. Ka5 f5 47. b5 f4 48. b6 f3 49. b7 f2 50. b8=Q f1=Q 51. Qh8+ Kg5 52. Qd8+ Qf6 53. Qd2+ Qf4 54. Qd8+ Kf5 55. Qf8+ Kg4 56. Qg7 g5 57. Kb6 Kf3 58. Qb7+ Kg3 59. Ka7 g4 60. Qb3+ Kg2 61. Qc2+ Qf2+ 0-1

[Event "Early-Titled-Tuesday-Blitz-October-03-2023"]
[Site "Chess.com"]
[Date "2023.10.03"]
[Round "4"]
[White "GiorgianBarbosa"]
[Black "KononenkoD"]
[Result "0-1"]
[WhiteElo "2386"]
[BlackElo "2616"]
[TimeControl "180+1"]
[EndTime "8:40:54 PDT"]
[Termination "KononenkoD won on time"]

1. c4 c5 2. g3 g6 3. Bg2 Bg7 4.
Nc3 Nc6 5. e4 d6 6. Nge2 h5 7.
h4 Bg4 8. d3 Nd4 9. O-O Qd7 10.
f3 Bh3 11. Be3 Bxg2 12. Kxg2 Nxe2 13. Qxe2 Nf6 14. d4 cxd4 15. Bxd4 O-O 16. Qd3 a6 17.
Bxf6 Bxf6 18. Nd5 Qc6 19. f4 Kg7 20. Nxf6 exf6 21. Qd4 Rfe8 22. Rfe1 Rac8 23. b3 Re6 24. Qd5 Rce8 25. Qxc6 bxc6 26. Rad1 f5 27. c5 d5 28. e5 f6 29. Rd4 fxe5 30. Rxe5 Rxe5 31. fxe5 Rxe5 32. Ra4 d4 33. Rxd4 Rxc5 34. Ra4 a5 35.
Kf3 Kf6 36. Rd4 Ke5 37. Ra4 Rd5 38. Rc4 Rd3+ 39. Kf2 Kd6 40. Ra4 Rd5 41. Kf3 Rb5 42.
Rd4+ Ke5 43. Ra4 c5 44. Ke3 Kd5 45. Kf4 Rb4+ 46. Rxb4 axb4 47. Kg5 c4 48. bxc4+ Kxc4 49. Kxg6 Kc3 50. Kxh5 Kb2 51. Kg5 Kxa2 52. h5 b3 53. h6 b2 54. h7 b1=Q 55. h8=Q Qe4 56. Qf6 Qg4+ 57. Kh6 Qh3+ 58. Qh4 Qf1 59. Qc4+ Qxc4 0-1

[Event "Early-Titled-Tuesday-Blitz-October-03-2023"]
[Site "Chess.com"]
[Date "2023.10.03"]
[Round "4"]
[White "elmusmolamas"]
[Black "LeoWin2012"]
[Result "1-0"]
[WhiteElo "2497"]
[BlackElo "2297"]
[TimeControl "180+1"]
[EndTime "8:40:55 PDT"]
[Termination "elmusmolamas won by checkmate"]

1. e4 c6 2. d4 d5 3. exd5 cxd5 4. Bd3 Nc6 5. c3 Nf6 6. Bf4 g6 7. Nf3 Bg7 8. O-O O-O 9. Re1 Bf5 10. Qe2 Bxd3 11.
Qxd3 Ne4 12. Nbd2 f5 13. Ng5 Nxg5 14. Bxg5 Qd6 15. Nf3 Rae8 16. Rad1 Bf6 17. Bh6 Rf7 18.
Ng5 Bxg5 19. Bxg5 e6 20. Qf3 b5 21. Bf4 Qd7 22. a3 a5 23. h4 a4 24. g3 Na5 25.
Be5 Nc4 26. Re2 Nxe5 27. Rxe5 Qc7 28. Kg2 Qc4 29. Qf4 Qb3 30. Rd2 Rfe7 31. h5 Rg7 32.
Qg5 Qc4 33. Rde2 Qc6 34. Re1 Qd7 35. hxg6 hxg6 36. Qf6 Qf7 37. Qg5 Rh7 38. Qe3 f4 39. Qxf4 Qxf4 40. gxf4 Rhe7 41. Kf3 Kf7 42. Rh1 Kf6 43.
Kg4 Rg7 44. Rh6 Kf7 45. Kg5 Re7 46. Re3 Re8 47. Reh3 Reg8 48. Rh8 Rf8 49. Rxf8+ Kxf8 50. Rh8+ Ke7 51. Rb8 Kd6 52. Rxb5 Rf7 53. Rb6+ Kc7 54. Rxe6 Rf5+ 55. Kg4 Kd7 56. Re5 Rf8 57. Rxd5+ Ke6 58. Re5+ Kd6 59. Rb5 Rc8 60. Rb6+ Kd5 61. Rb5+ Kc4 62.
Rc5+ Kd3 63. Rxc8 Kc2 64. Rb8 Kd3 65. d5 Ke2 66. d6 Kxf2 67. Kg5 Ke2 68. d7 Kd3 69.
d8=Q+ Kc2 70. c4 Kb1 71. Qd2 Ka2 72. c5 Ka1 73. c6 Ka2 74. c7 Ka1 75. c8=Q Ka2 76.
Qc4+ Ka1 77. Qf1+ Ka2 78. b4+ Kb3 79. Qfd3# 1-0

[Event "Early-Titled-Tuesday-Blitz-October-03-2023"]
[Site "Chess.com"]
[Date "2023.10.03"]
[Round "4"]
[White "ljm509"]
[Black "TERMINATOR_PC"]
[Result "0-1"]
[WhiteElo "2326"]
[BlackElo "2614"]
[TimeControl "180+1"]
[EndTime "8:40:58 PDT"]
[Termination "TERMINATOR_PC won on time"]

1. e4 e5 2. Nf3 Nc6 3. Bc4 Nf6 4. d3 Bc5 5. O-O h6 6. a4 a6 7. c3 Ba7 8. Be3 d6 9. Bxa7 Rxa7 10. Nbd2 O-O 11.
b4 Ra8 12. Re1 Be6 13. b5 axb5 14. axb5 Na5 15. Bxe6 fxe6 16. d4 exd4 17. Nxd4 Re8 18. N2b3 Nc4 19. Qd3 Rxa1 20. Rxa1 Ne5 21. Qe2 Nf7 22.
Ra7 Qb8 23. Ra4 Qc8 24. f3 e5 25. Nf5 b6 26. Na1 Qe6 27. Nc2 d5 28. Nb4 dxe4 29. fxe4 Qb3 30. Qc2 Qc4 31. Nd5 Qc5+ 32. Qf2 Nxd5 33.
Qxc5 bxc5 34. exd5 e4 35. Kf2 Re5 36. Ne3 Nd6 37. c4 Re7 38. Ra7 Kf7 39. Ke2 h5 40.
h3 Kg6 41. g3 Kg5 42. h4+ Kf6 43. Ra8 Ke5 44. Ra1 Rf7 45. Rd1 Rf3 46. Rg1 g6 47. g4 Kf4 48. Ng2+ Kxg4 49. Ne3+ Kf4 50. Rxg6 Rxe3+ 51. Kd2 Nxc4+ 52. Kc2 Rd3 53. Rc6 Rxd5 54. Rxc7 e3 55. Rf7+ Rf5 56. Rxf5+ Kxf5 57. Kd3 Nb6 58. Kxe3 Kg4 59. Ke4 Kxh4 60. Kf4 c4 61. Ke4 Kg3 62.
Kd4 h4 63. Kc5 c3 64. Kxb6 c2 65. Ka7 c1=Q 66. b6 Qb2 67. b7 Qxb7+ 68. Kxb7 h3 69. Kc6 h2 70. Kd6 h1=Q 0-1

[Event "Early-Titled-Tuesday-Blitz-October-03-2023"]
[Site "Chess.com"]
[Date "2023.10.03"]
[Round "4"]
[White "FREDERICKtheMATE"]
[Black "DarZay"]
[Result "1-0"]
[WhiteElo "2610"]
[BlackElo "2217"]
[TimeControl "180+1"]
[EndTime "8:40:58 PDT"]
[Termination "FREDERICKtheMATE won on time"]

1. Nf3 Nf6 2. d4 d5 3. c4 e6 4. Nc3 Be7 5. Bf4 O-O 6. e3 Ne4 7. Nxe4 dxe4 8. Nd2 f5 9. h3 c5 10. dxc5 Bxc5 11. a3 a5 12. Nb3 Be7 13. Nd4 Nc6 14. Nxc6 bxc6 15. Be2 Qb6 16. Rb1 Rd8 17. Qc2 Bf6 18. c5 Qb7 19. Bc4 Kh8 20. Bd6 Be7 21.
Bxe7 Qxe7 22. b4 axb4 23. axb4 Ba6 24. Bxa6 Rxa6 25. O-O Rda8 26. b5 cxb5 27. Rxb5 h6 28. c6 Rc8 29. Rc1 Raxc6 30. Qxc6 Rxc6 31. Rxc6 Qd7 32. Rbb6 Qd1+ 33. Kh2 Qe2 34. Kg3 e5 35. Rc8+ Kh7 36. Rf8 f4+ 37. exf4 exf4+ 38. Rxf4 e3 39. Re6 Qe1 40. Rxe3 Qa5 41. Rf7 Qg5+ 42. Kh2 Qh4 43.
Ree7 Kh8 44. g3 Qd4 45. h4 h5 46. Rf5 Qg4 47. Rf8+ Kh7 48. Rff7 Qd4 49. Rxg7+ Kh8 50.
Rgf7 Kg8 51. Rf5 Qb2 52. Re6 Kg7 53. Re4 Qc2 54. Ref4 Kg6 55. Rg5+ Kh6 56. Rf6+ Kh7 57. Rxh5+ Kg7 58. Rf4 Kg6 59. Rg5+ Kh6 60. Rf6+ Kh7 61. Re5 Kg7 62. Rf4 Kg6 63. h5+ Kh6 64. g4 Qc1 65. Rff5 Kg7 66. Re6 Qc7+ 67. Kg2 Qb7+ 68.
f3 Qb2+ 69. Kg3 1-0

[Event "Early-Titled-Tuesday-Blitz-October-03-2023"]
[Site "Chess.com"]
[Date "2023.10.03"]
[Round "4"]
[White "MikeSailer"]
[Black "chesslh19"]
[Result "0-1"]
[WhiteElo "2147"]
[BlackElo "2324"]
[TimeControl "180+1"]
[EndTime "8:40:58 PDT"]
[Termination "chesslh19 won on time"]

1. d4 d5 2. Bf4 Nf6 3. Nc3 c5 4. e4 Nxe4 5. Nxe4 dxe4 6. dxc5 Qa5+ 7. c3 Qxc5 8. Qa4+ Nc6 9. Qxe4 g6 10. Bc4 Bg7 11. Nf3 Bf5 12. Qe2 O-O 13. O-O Rad8 14. Rad1 Bg4 15. Bb3 Qh5 16. h3 Bxf3 17. Qxf3 Qxf3 18. gxf3 e5 19. Be3 b6 20. Bd5 Ne7 21. Be4 f5 22. Bc2 Bf6 23. Bb3+ Kg7 24. a4 Nc6 25. Bd5 Ne7 26. Ba2 Nc6 27. b4 e4 28.
fxe4 fxe4 29. b5 Ne5 30. Rxd8 Rxd8 31. Bd4 Nf3+ 32. Kg2 Nxd4 33. cxd4 Rxd4 34. Re1 Rd2 35. Bb1 Bd4 36. Bxe4 Rxf2+ 37. Kg3 Ra2 38. Rd1 Be5+ 39.
Kf3 Ra3+ 40. Ke2 Rxa4 41. Rd7+ Kf6 42. Bd3 h5 43. Rd8 Ra3 44. Rf8+ Kg7 45. Re8 Bf6 46. Rc8 Ra2+ 47. Kf3 Ra3 48. Ke4 Ra4+ 49. Kf3 Ra3 50. Ke2 Rc3 51. Rc7+ Rxc7 0-1

[Event "Early-Titled-Tuesday-Blitz-October-03-2023"]
[Site "Chess.com"]
[Date "2023.10.03"]
[Round "4"]
[White "Grossboss19"]
[Black "wqws"]
[Result "1-0"]
[WhiteElo "2522"]
[BlackElo "2654"]
[TimeControl "180+1"]
[EndTime "8:41:04 PDT"]
[Termination "Grossboss19 won by checkmate"]

1. d4 Nf6 2. e3 g6 3. c4 Bg7 4.
Nc3 O-O 5. Nf3 d6 6. b3 e5 7. Bb2 exd4 8. Nxd4 Nc6 9. Be2 h5 10. O-O Nxd4 11. Qxd4 Ng4 12. Qd2 Qh4 13. h3 Nf6 14. Nb5 Ne4 15. Qc2 Bxb2 16. Qxb2 Bxh3 17. gxh3 Rae8 18.
Rad1 Qxh3 19. Nxc7 Re5 20. Rd5 Ng3 21. fxg3 Qxg3+ 22. Kh1 Rxe3 23. Bf3 Rxf3 24. Rxf3 Qxf3+ 25. Qg2 Qf6 26. Rd1 Rc8 27. Nd5 Qe5 28. Rf1 Kg7 29. Qf3 f5 30. Qf2 Re8 31. Nf4 Qe4+ 32. Qg2 Qxg2+ 33.
Kxg2 Kh6 34. Rd1 Kg5 35. Nh3+ Kg4 36. Rd4+ Re4 37. Nf2+ Kf4 38. Nxe4 fxe4 39. Rxd6 g5 40. Rf6+ Ke5 41. Rh6 h4 42. Kf2 Kf4 43. Rf6+ Kg4 44.
Kg2 h3+ 45. Kf2 Kh4 46. Rh6+ Kg4 47. c5 a5 48. a3 Kf4 49. Rf6+ Ke5 50. Rh6 g4 51.
Kg3 e3 52. Rh8 Kd4 53. Re8 Kd3 54. b4 axb4 55. axb4 e2 56. b5 Kd2 57. c6 bxc6 58. bxc6 e1=Q+ 59. Rxe1 Kxe1 60. c7 h2 61. Kg2 h1=Q+ 62.
Kxh1 Kf2 63. c8=Q g3 64. Qc6 g2+ 65. Qxg2+ Ke3 66. Kh2 Kd4 67. Kh3 Ke5 68. Qg4 Kf6 69. Kh4 Ke7 70. Kh5 Kf8 71. Qg6 Ke7 72. Kg5 Kd7 73. Kf5 Kc7 74. Ke5 Kd8 75. Qf7 Kc8 76. Kd6 Kb8 77. Kc6 Ka8 78. Qb7# 1-0

[Event "Early-Titled-Tuesday-Blitz-October-03-2023"]
[Site "Chess.com"]
[Date "2023.10.03"]
[Round "4"]
[White "Cambek64"]
[Black "Hasangatin_Ramil"]
[Result "0-1"]
[WhiteElo "2476"]
[BlackElo "2734"]
[TimeControl "180+1"]
[EndTime "8:41:09 PDT"]
[Termination "Hasangatin_Ramil won by resignation"]

1. b3 e5 2. Bb2 d6 3. e3 Nf6 4. c4 g6 5. d3 Bg7 6. Nd2 O-O 7. a3 Re8 8. Qc2 c6 9. Ngf3 Bg4 10. Be2 Nbd7 11. h3 Be6 12. Ng5 d5 13. Nxe6 Rxe6 14. O-O Qe7 15. cxd5 cxd5 16. Rac1 Rc6 17. Qb1 Rac8 18.
Rxc6 Rxc6 19. Rc1 Qe6 20. Rxc6 Qxc6 21. Qc1 Qxc1+ 22. Bxc1 Ne8 23. Bb2 f5 24. Kf1 Kf7 25. Ke1 Ke6 26. Kd1 Bf6 27. Kc2 Nd6 28. b4 b5 29. Bf3 e4 30. Be2 Bxb2 31. Kxb2 a6 32. Nb3 Nf7 33. d4 Kd6 34. Nc5 Nb8 35. Kb3 Nd8 36. a4 Kc6 37. a5 Nb7 38. g4 fxg4 39.
Bxg4 Nd6 40. Kc3 h5 41. Be6 g5 42. Kc2 Ne8 43. Kd1 Nf6 44. Bc8 h4 45. Ke2 Kc7 46.
Bxa6 Nc6 47. Bxb5 Nxb4 48. Ne6+ Kd6 49. Nxg5 Kc7 50. Kd2 Nc6 51. Bxc6 Kxc6 52. Ne6 Kb5 53. Ng7 Nh7 54. Nf5 Ng5 55. Nxh4 Kxa5 56. Nf5 Kb5 57. Ne7 Kc4 58. h4 Nf3+ 59. Ke2 Nxh4 60. Kf1 Nf3 61. Kg2 Ne1+ 62. Kg3 Nd3 63. Ng6 Nb4 64. Nf4 Nd3 65. Kg2 Nxf4+ 66. exf4 Kxd4 67. Kf1 Kc5 68. Ke2 d4 69. Kd2 Kd5 70. Kc2 Ke6 71. Kb3 Kf5 72. Kc4 d3 73. Kd4 d2 74. Ke3 d1=Q 0-1